Map: [EWC] Goldenaura

Players

GuMiho

  • Race: Terran Terran
  • Spawn Location: 12:00

HeroMarine - Winner!

  • Race: Terran Terran
  • Spawn Location: 5:00

Event: Esports World Cup 2024

VOD

Have the link to the VOD?

Description

Time

  • Played on: Aug. 15, 2024, 6:28 a.m.
  • Length: 27:10

All games in this series

Show
View Real Time Build Order
Export as new Build Order

GuMiho Terran 

Build Orders: Gas First Reaper Expand, Mech 

Get SALT Encoding   

  12  0:00  SCV  
  13  0:12  SCV  
  14  0:17  Supply Depot  
  14  0:24  SCV  
  14  0:27  Refinery  
  15  0:38  SCV  
  16  0:44  Barracks  
  16  0:50  SCV  
  17  1:02  SCV  
  18  1:15  SCV  
  19  1:30  Orbital Command  
  19  1:31  Reaper  
  20  1:44  Command Center  
  20  1:55  Factory  
  20  1:59  SCV  
  21  2:04  Reaper  
  22  2:08  Supply Depot  
  22  2:12  SCV  
  23  2:16  Refinery  
  23  2:30  SCV  
  24  2:40  Hellion  
  24  2:41  Starport  
  24  2:42  SCV  
  27  2:52  Barracks Tech Lab  
  27  2:54  SCV  
  27  2:57  Orbital Command  
  28  3:03  Cyclone  
  30  3:06  SCV  
  30  3:09  Orbital Command  
  31  3:18  SCV  
  32  3:30  SCV  
  32  3:33  Banshee  
  36  3:37  SCV  
  36  3:43  SCV  
  36  3:47  Cyclone  
  38  3:48  Command Center  
  38  3:50  SCV  
  38  3:55  SCV  
  40  3:56  Supply Depot  
  40  4:02  SCV  
  41  4:08  Refinery  
  41  4:09  SCV, Refinery  
  42  4:11  Barracks Tech Lab  
  42  4:14  SCV  
  43  4:21  SCV, Factory  
  44  4:26  SCV  
  44  4:28  Starport Reactor  
  44  4:29  Siege Tank  
  48  4:33  SCV  
  48  4:34  Supply Depot  
  48  4:38  SCV  
  50  4:41  Barracks Reactor  
  50  4:43  Factory  
  50  4:45  SCV  
  50  4:50  SCV  
  52  4:57  SCV  
  53  5:01  Orbital Command, Siege Tank  
  53  5:02  SCV  
  57  5:10  SCV  
  57  5:11  Viking x2  
  62  5:14  SCV  
  63  5:30  Siege Tank  
  63  5:33  SCV x2, Siege Tank  
  68  5:38  Orbital Command  
  68  5:41  Supply Depot  
  68  5:42  Supply Depot, Command Center  
  68  5:44  Viking  
  68  5:49  Viking  
  72  5:50  SCV  
  72  5:51  SCV  
  74  5:57  Supply Depot  
  74  6:00  Hellion  
  74  6:03  Supply Depot, Hellion  
  78  6:16  SCV  
  79  6:19  Viking x2  
  79  6:20  SCV  
  79  6:21  SCV  
  79  6:23  Supply Depot  
  85  6:28  SCV  
  85  6:29  Armory  
  85  6:30  Siege Tank, Armory  
  89  6:33  SCV  
  89  6:34  Siege Tank  
  93  6:41  SCV x2  
  93  6:45  SCV  
  83  6:57  SCV x3  
  86  7:02  Siege Tank  
  86  7:06  Siege Tank  
  92  7:10  Hellion x2  
  92  7:14  SCV x3  
  95  7:18  Terran Vehicle Weapons Level 1, Engineering Bay  
  95  7:22  Refinery x2  
  93  7:25  Terran Vehicle And Ship Armor Level 1  
  93  7:26  SCV  
  93  7:27  SCV x2  
  96  7:31  Cyclone, Hellbat  
  96  7:34  Siege Tank  
  103  7:39  Supply Depot  
  103  7:41  Hellion  
  103  7:43  SCV x3  
  108  7:46  Planetary Fortress  
  108  7:53  Hellion  
  108  7:54  Refinery  
  108  7:55  Refinery  
  110  7:59  SCV x3, Sensor Tower  
  110  8:02  Viking  
  110  8:03  Hellion, Factory  
  117  8:11  SCV x3  
  117  8:12  Supply Depot  
  120  8:13  Supply Depot x2  
  120  8:18  Siege Tank  
  123  8:22  Hellion x2  
  123  8:23  SCV  
  123  8:24  Siege Tank  
  123  8:26  SCV x2  
  134  8:27  SCV  
  134  8:28  Factory  
  134  8:35  SCV  
  134  8:37  Factory  
  134  8:39  Factory  
  134  8:41  SCV x2  
  137  8:44  Viking  
  137  8:45  Viking  
  137  8:47  SCV x2  
  143  8:50  Missile Turret  
  143  8:52  Supply Depot  
  143  8:53  SCV x2  
  145  8:58  Supply Depot  
  145  8:59  SCV x2  
  147  9:05  Command Center  
  147  9:08  Factory Reactor  
  147  9:11  Infernal Pre-Igniter, Factory Tech Lab  
  147  9:15  Terran Vehicle Weapons Level 2  
  148  9:20  Terran Vehicle And Ship Armor Level 2  
  148  9:23  Siege Tank x2  
  148  9:24  Hellion x2  
  155  9:25  Factory Tech Lab x2  
  155  9:29  Liberator  
  155  9:38  Liberator  
  155  9:43  Siege Tank  
  161  9:49  Hellion x3  
  161  9:50  Hellion  
  167  9:55  Siege Tank  
  167  9:58  Siege Tank x2, Hellion  
  140  10:11  Hellion x4  
  117  10:15  Siege Tank  
  117  10:19  Siege Tank  
  123  10:27  Hellion  
  120  10:30  Hellion x2  
  120  10:32  Hellion x4  
  113  10:47  Siege Tank  
  113  10:48  Siege Tank  
  115  10:50  Orbital Command  
  115  10:51  Siege Tank  
  115  10:52  Hellion  
  115  10:53  Hellion  
  115  10:54  Hellion x3  
  115  10:55  Viking x2  
  118  11:03  Hellion  
  118  11:08  SCV x2  
  118  11:09  Planetary Fortress  
  120  11:13  Hellion  
  120  11:15  Hellion x4  
  120  11:16  SCV  
  120  11:17  SCV  
  132  11:19  Siege Tank  
  132  11:20  SCV x2  
  132  11:21  Hellion  
  132  11:24  Hellion  
  139  11:28  Hellion  
  127  11:32  SCV  
  127  11:34  Siege Tank  
  127  11:36  Hellion  
  117  11:41  Hellion x2  
  117  11:42  Siege Tank  
  117  11:45  Siege Tank, Hellion  
  117  11:46  SCV  
  125  11:49  SCV, Hellion  
  125  11:50  SCV  
  125  11:51  Siege Tank  
  132  11:58  SCV  
  132  11:59  Terran Vehicle Weapons Level 3  
  133  12:02  SCV x2  
  133  12:04  Refinery  
  133  12:05  Refinery  
  133  12:06  Siege Tank  
  133  12:07  SCV  
  139  12:10  SCV  
  139  12:14  SCV x2, Siege Tank  
  145  12:19  Viking x2  
  145  12:21  SCV  
  148  12:23  SCV  
  148  12:25  Refinery  
  148  12:26  SCV x2  
  144  12:32  Siege Tank x2  
  144  12:33  SCV  
  144  12:38  SCV x3  
  147  12:49  Viking x2  
  151  13:00  Siege Tank, Hellion x3  
  151  13:02  Factory Tech Lab  
  151  13:03  Hurricane Engines  
  160  13:07  SCV x4, Refinery  
  164  13:14  Supply Depot  
  164  13:16  Supply Depot  
  164  13:17  Thor x2  
  176  13:21  Thor  
  182  13:34  Thor  
  182  13:40  Supply Depot  
  182  13:41  Command Center  
  182  13:44  Command Center  
  182  13:46  Hellion  
  182  13:47  Hellion x2  
  190  14:00  Sensor Tower  
  198  14:18  Thor x3  
  198  14:21  Thor  
  196  14:37  Starport  
  196  14:39  Starport x2  
  196  14:42  Thor, Hellbat  
  169  15:01  Thor x2  
  169  15:03  Thor  
  173  15:12  Viking  
  171  15:14  Viking  
  171  15:26  Hellion x3  
  181  15:29  Hellion  
  176  15:44  Hellion x2  
  176  15:46  Hellion  
  176  15:47  Hellion, Viking x2  
  176  15:48  Hellion x2  
  192  15:56  SCV  
  192  15:57  SCV  
  183  16:09  Thor  
  183  16:10  Missile Turret  
  189  16:17  SCV x2, Viking  
  189  16:18  SCV  
  194  16:19  Orbital Command, Terran Ship Weapons Level 1  
  194  16:30  Siege Tank, Thor x5  
  197  16:37  Hellion  
  199  16:43  Planetary Fortress  
  195  16:49  Siege Tank x2  
  195  16:50  Hellion x2  
  195  16:52  Hellion  
  147  16:57  Viking x2  
  137  17:15  SCV x3  
  135  17:22  Hellion x6  
  147  17:23  Hellion  
  147  17:26  SCV x2  
  147  17:27  Viking  
  153  17:33  Viking x2  
  153  17:37  Viking  
  159  17:43  Viking  
  161  17:47  Hellion x2  
  161  17:48  Hellion  
  161  17:50  SCV x5  
  170  17:52  Siege Tank  
  170  17:57  Siege Tank  
  174  18:00  Hellion x2  
  174  18:03  SCV x3  
  174  18:05  SCV  
  182  18:11  Hellion, Viking  
  186  18:15  Terran Ship Weapons Level 2  
  186  18:18  Hellion  
  188  18:21  Siege Tank  
  188  18:23  Hellion x2  
  188  18:24  Hellion  
  197  18:29  Siege Tank  
  200  18:35  Refinery  
  200  18:36  Refinery  
  200  18:46  Command Center  
  196  18:50  Sensor Tower  
  196  18:53  Siege Tank  
  199  18:59  Terran Vehicle And Ship Armor Level 3  
  199  19:02  Factory Tech Lab  
  163  19:45  Siege Tank  
  163  19:46  Siege Tank x2, Hellion x4  
  163  19:51  Viking x4  
  163  19:52  Viking  
  146  20:07  Siege Tank  
  146  20:08  Siege Tank, Hellion x2  
  156  20:18  Siege Tank, Hellion x2  
  163  20:21  Viking x3  
  169  20:29  Hellion x2  
  173  20:38  Liberator  
  173  20:39  Siege Tank, Liberator, Hellion  
  173  20:40  Hellion x2  
  186  20:50  Hellion x2  
  186  20:51  Liberator x2  
  182  20:57  Liberator  
  182  21:03  Siege Tank  
  182  21:04  Hellion x3  
  156  21:11  Hellion  
  156  21:12  Hellion x2  
  156  21:21  Liberator x2  
  156  21:25  Siege Tank, Hellion  
  167  21:26  Hellion  
  169  21:33  Hellion  
  169  21:34  Siege Tank  
  169  21:35  Siege Tank, Hellion  
  175  21:42  Viking x3  
  175  21:46  Hellion  
  181  21:47  Hellion  
  170  21:54  Hellion  
  170  21:56  Hellion  
  159  22:04  Viking x2  
  161  22:10  Siege Tank x2, Hellion  
  161  22:11  Hellion x2  
  161  22:12  Viking  
  161  22:15  Missile Turret  
  169  22:16  Hellion  
  169  22:18  Hellion  
  170  22:32  Siege Tank, Hellion x2  
  177  22:37  Siege Tank  
  177  22:38  Missile Turret  
  177  22:39  Hellion  
  177  22:42  Hellion x2  
  177  22:43  Planetary Fortress  
  183  23:09  Viking  
  188  23:14  Viking x4  
  172  23:34  Thor x2  
  172  23:39  Viking  
  183  23:42  Thor  
  183  23:44  Viking  
  183  23:45  Hellion x2  
  183  23:46  Hellion x2  
  196  23:48  Viking  
  198  23:57  Viking  
  198  24:26  Viking  
  200  24:35  Viking  
  200  24:36  Viking  
  186  24:39  Cyclone x3  
  186  24:40  Cyclone x2  
  170  24:47  Cyclone  
  170  24:50  Hellion  
  174  24:55  Refinery  
  165  25:08  Refinery x2  
  165  25:11  Hellion  
  165  25:12  Hellion x5  
  177  25:19  Hellion  
  179  25:25  Viking x2  
  179  25:27  Viking  
  185  25:29  Viking  
  185  25:33  Hellion x5  
  185  25:34  Hellion  
  199  25:41  Hellion  
  175  25:54  Cyclone x4, Hellion  
  175  25:55  Cyclone  
  187  26:02  Cyclone  
  170  26:16  Hellion  
  104  26:26  Siege Tank x2, Hellion  
  104  26:27  Siege Tank, Hellion  
  103  26:34  Hellion  
  103  26:37  Hellion  
Show
View Real Time Build Order
Export as new Build Order

HeroMarine Terran - Winner!

Build Orders: Reaper Expand 

Get SALT Encoding   

  12  0:00  SCV  
  13  0:12  SCV  
  14  0:17  Supply Depot  
  14  0:24  SCV  
  15  0:38  SCV  
  15  0:40  Barracks  
  16  0:43  Refinery  
  16  0:50  SCV  
  17  1:02  SCV  
  18  1:15  SCV  
  19  1:27  Orbital Command, Reaper  
  20  1:42  Command Center  
  20  1:53  SCV  
  21  1:54  Supply Depot  
  21  1:59  Reaper  
  22  2:05  SCV  
  23  2:17  SCV  
  23  2:22  Factory  
  24  2:29  SCV  
  25  2:41  Command Center  
  25  2:42  SCV, Barracks Reactor  
  26  2:46  Refinery  
  25  2:54  SCV  
  26  2:59  Orbital Command  
  28  3:06  Hellion  
  28  3:07  SCV  
  29  3:19  SCV  
  29  3:21  Marine x2  
  33  3:27  Cyclone  
  33  3:29  SCV  
  33  3:31  SCV  
  35  3:36  Starport  
  35  3:40  Marine x2  
  37  3:43  SCV x2  
  38  3:49  Refinery  
  38  3:55  SCV x2  
  40  4:00  Orbital Command, Factory Tech Lab  
  40  4:04  Marine x2  
  40  4:07  SCV x2  
  44  4:15  Starport Tech Lab  
  44  4:19  SCV x2, Siege Tank  
  44  4:22  Marine x2  
  51  4:26  SCV  
  52  4:31  Supply Depot, SCV x2  
  52  4:33  Raven  
  52  4:35  Interference Matrix  
  54  4:39  Marine, Refinery  
  54  4:40  Marine  
  54  4:41  SCV  
  54  4:43  SCV x2  
  59  4:46  Supply Depot  
  59  4:53  Siege Tank, SCV  
  59  4:55  SCV x2  
  65  5:00  Marine x2  
  65  5:06  SCV  
  65  5:07  SCV  
  65  5:08  Raven, SCV  
  69  5:19  SCV  
  69  5:20  Orbital Command, SCV  
  71  5:25  Siege Tank  
  71  5:27  Marine x2  
  73  5:31  Barracks  
  73  5:32  SCV x2, Barracks  
  75  5:37  Supply Depot  
  75  5:38  Supply Depot  
  75  5:42  Engineering Bay  
  75  5:43  Engineering Bay  
  75  5:44  SCV x2  
  77  5:58  Marine x2  
  77  5:59  Raven, SCV x3, Siege Tank  
  87  6:11  SCV x3  
  90  6:16  Marine x2  
  89  6:20  Barracks Tech Lab  
  89  6:22  Barracks Tech Lab  
  89  6:23  SCV x3  
  89  6:25  Barracks  
  92  6:28  Barracks  
  92  6:34  Marine  
  92  6:39  Supply Depot, Terran Infantry Weapons Level 1, Terran Infantry Armor Level 1  
  93  6:40  Raven, SCV x3, Siege Tank  
  101  6:48  Marine  
  101  6:52  SCV x2  
  101  6:53  Marauder x2  
  101  6:54  Marine  
  99  6:55  SCV  
  99  6:58  Sensor Tower  
  96  7:04  SCV x2  
  96  7:06  Marine  
  96  7:07  SCV  
  94  7:11  Marine  
  94  7:14  Marauder  
  94  7:15  Marauder  
  97  7:16  SCV x2  
  97  7:19  SCV  
  97  7:22  Starport Reactor  
  100  7:23  Barracks Reactor  
  100  7:24  Marine  
  100  7:26  Refinery  
  100  7:27  Refinery  
  100  7:28  SCV x2  
  104  7:35  Supply Depot  
  104  7:36  Supply Depot, Marauder  
  104  7:37  Supply Depot  
  109  7:39  Combat Shield, Stimpack  
  109  7:40  Concussive Shells  
  109  7:43  Marine  
  109  7:44  Marine  
  109  7:48  SCV x2, Command Center  
  109  7:56  SCV  
  110  8:00  Supply Depot, SCV x2, Armory  
  110  8:01  Marauder x3  
  110  8:03  Marine x3  
  110  8:05  Marine  
  120  8:13  SCV x3  
  120  8:17  Medivac x2  
  127  8:21  Marine x3  
  127  8:22  Marine, Marauder x3  
  127  8:26  Supply Depot  
  137  8:28  Supply Depot  
  137  8:29  Supply Depot  
  137  8:35  Siege Tank  
  137  8:38  Marine  
  141  8:47  Marauder x3, Medivac  
  149  8:49  Marine x3  
  149  8:50  Medivac  
  149  8:51  Terran Infantry Armor Level 2, Terran Infantry Weapons Level 2  
  149  8:52  Supply Depot  
  149  8:53  Supply Depot  
  149  8:54  Terran Vehicle And Ship Armor Level 1  
  154  8:56  Marine  
  154  9:02  SCV x3  
  159  9:07  Marine x3  
  159  9:09  Marauder x3  
  167  9:14  SCV x3  
  167  9:16  Siege Tank  
  173  9:21  Medivac x2  
  177  9:24  SCV  
  177  9:26  SCV  
  177  9:30  Marauder x2  
  181  9:34  Marine x2, Marauder  
  181  9:35  Marine  
  181  9:36  Marine  
  184  9:51  Medivac x2  
  184  9:52  Marine x2, Marauder x2  
  183  9:55  Marauder  
  183  9:59  Marine x2  
  175  10:04  Siege Tank  
  175  10:05  Orbital Command  
  175  10:06  SCV x3  
  173  10:07  Refinery  
  173  10:08  Refinery  
  173  10:10  Marine x2  
  173  10:13  Marauder x2  
  158  10:16  Marauder  
  158  10:17  Marine x2  
  158  10:18  SCV x2  
  164  10:27  SCV  
  164  10:28  Marine x2  
  160  10:30  SCV  
  160  10:33  SCV  
  160  10:34  Marine x2, Marauder x2  
  149  10:36  Siege Tank  
  149  10:38  Marauder  
  144  10:43  Command Center  
  144  10:45  Marine  
  144  10:46  Marine  
  142  10:51  Medivac  
  142  10:52  Marine x2, Starport, Medivac  
  142  10:55  Marine  
  142  10:56  Starport, Marauder  
  147  10:59  Marauder  
  147  11:03  Marine x2  
  148  11:10  Marine x2  
  150  11:11  Sensor Tower  
  150  11:12  Siege Tank  
  150  11:14  Fusion Core, Marauder  
  150  11:15  Terran Infantry Weapons Level 3  
  150  11:17  Terran Ship Weapons Level 1, Marauder  
  157  11:21  Marine x2, Marauder  
  157  11:22  Missile Turret  
  158  11:28  Marine x2  
  146  11:35  Marauder  
  146  11:38  Marine  
  146  11:39  Marine x2  
  135  11:41  Starport Reactor x2, Marine  
  135  11:43  Medivac x2  
  135  11:46  Marine x2  
  133  11:56  Marine x2  
  133  11:57  SCV x2, Marine x2, Barracks  
  133  11:58  SCV x2, Barracks  
  133  11:59  Siege Tank, Marine, Barracks  
  145  12:03  Advanced Ballistics, Marine  
  145  12:04  Marine  
  147  12:09  SCV  
  147  12:14  Marine x2, Marauder  
  147  12:15  Marine, Refinery  
  140  12:17  SCV x2  
  140  12:18  SCV, Refinery, Marauder  
  140  12:21  Marine x2  
  141  12:27  Terran Infantry Armor Level 3  
  141  12:32  Marine x2, Marauder  
  141  12:36  Marauder  
  140  12:38  Viking  
  140  12:39  Marauder, Viking x4  
  140  12:40  Viking  
  154  12:45  Planetary Fortress  
  154  12:51  Barracks Tech Lab x2  
  154  12:53  Barracks Tech Lab  
  154  12:56  Marine, Marauder  
  154  12:57  Marine x2, Marauder  
  161  12:59  Marine  
  161  13:00  Marine  
  161  13:02  Siege Tank  
  159  13:12  Marauder x2  
  167  13:15  Liberator x2, Marauder  
  167  13:18  Viking x2  
  168  13:23  Viking x2  
  167  13:28  Marauder x3  
  170  13:37  Siege Tank  
  172  13:42  Marine x2, Marauder x3  
  180  13:49  Missile Turret, Marauder x2  
  180  13:53  Liberator x3  
  193  13:57  Liberator  
  195  14:08  Marauder x2  
  199  14:15  Marauder  
  199  14:16  Marine  
  200  14:27  Terran Vehicle And Ship Armor Level 2  
  200  14:29  Armory  
  200  14:35  Command Center  
  200  14:38  Marine  
  200  14:39  Command Center  
  197  14:47  Liberator x2  
  197  14:49  Liberator  
  197  14:51  Liberator x2  
  197  14:56  Marine x2, Marauder x3  
  197  14:57  Marauder  
  182  15:10  Marine x2, Marauder  
  182  15:13  Marine  
  185  15:15  Liberator  
  185  15:17  Marauder x2  
  185  15:19  Marine x2  
  185  15:28  Marauder x2  
  184  15:29  Marine x2  
  184  15:31  Liberator  
  184  15:32  Liberator  
  184  15:38  Marauder x2  
  168  15:46  Marauder x2  
  168  15:47  Marine  
  168  15:49  Marine x2, Marauder  
  171  15:56  Marine, Marauder  
  174  15:59  Marine, Marauder  
  166  16:04  Orbital Command  
  166  16:09  Medivac x3  
  172  16:15  Medivac x2  
  172  16:16  Medivac  
  172  16:17  Marauder, Caduceus Reactor  
  180  16:22  Marauder x2  
  184  16:26  Marauder  
  186  16:34  Marauder  
  186  16:35  Marauder  
  186  16:38  Marauder  
  192  16:41  Marine  
  192  16:44  Marauder x2  
  188  16:50  Marauder  
  188  16:51  Marine x2  
  144  16:55  Marine  
  144  16:56  Marauder x2  
  144  16:59  Marine  
  144  17:00  Marauder  
  137  17:04  Marine x2  
  120  17:09  Marine x2  
  120  17:11  Marauder  
  120  17:12  Siege Tank, Marine  
  120  17:13  Planetary Fortress  
  118  17:17  Marine, Marauder x2  
  118  17:20  Liberator x2  
  126  17:23  Liberator  
  126  17:26  Liberator  
  126  17:29  Liberator  
  135  17:31  Liberator  
  135  17:34  Marauder  
  140  17:38  Marauder x2  
  140  17:39  Marauder  
  140  17:42  Marauder  
  148  17:46  Marine x2  
  148  17:47  Marine x2, Marauder  
  148  17:49  Siege Tank  
  157  17:55  Marine  
  158  17:58  Marine  
  158  18:01  Marauder  
  158  18:02  Marauder  
  158  18:03  Marine, Liberator x2  
  158  18:04  Marine x2  
  158  18:05  Marine  
  172  18:06  Liberator  
  172  18:08  Liberator  
  181  18:14  Liberator, Viking  
  190  18:23  Siege Tank  
  197  18:33  Marauder  
  197  18:39  Marine  
  200  18:48  Command Center  
  200  18:51  Viking  
  200  18:52  Viking x4  
  197  18:57  Viking  
  199  19:08  Terran Ship Weapons Level 2, Sensor Tower  
  199  19:09  Terran Vehicle And Ship Armor Level 3  
  198  19:20  Starport  
  198  19:21  Starport, Viking  
  196  19:44  Marauder x2  
  174  19:46  Marauder x2  
  174  19:48  Viking  
  174  19:51  Siege Tank, Marauder  
  151  19:53  Marine x2  
  151  19:55  Marine x2  
  151  19:56  Marine  
  134  20:05  Marine x2, Viking x7  
  130  20:07  Marine x2  
  130  20:11  Marine x3  
  130  20:12  Marine  
  130  20:13  Marine  
  137  20:14  Marine  
  137  20:18  Viking  
  140  20:22  Marine  
  140  20:23  Marine, Missile Turret x2  
  140  20:25  Marine x2  
  144  20:29  Marine x3  
  144  20:30  Siege Tank, Marine  
  144  20:34  Missile Turret  
  144  20:35  Marauder, Viking x2  
  156  20:41  Marauder x2  
  156  20:42  Viking x2  
  159  20:43  Viking  
  157  20:53  Marauder x2  
  157  20:55  Marine x2  
  157  20:56  Marine, Marauder  
  156  20:58  Marine x2  
  145  21:06  Viking  
  145  21:10  Viking x2  
  143  21:18  Viking  
  143  21:19  Viking x2  
  143  21:21  Viking  
  150  21:34  Marauder x2  
  150  21:35  Marauder  
  150  21:36  Marauder  
  150  21:39  Siege Tank  
  159  21:41  Viking x2  
  159  21:46  Viking  
  165  21:52  Viking x2  
  163  21:55  Viking  
  163  21:57  Marauder  
  163  22:00  Marauder  
  163  22:03  Planetary Fortress  
  163  22:05  Marauder  
  162  22:12  Medivac x2  
  162  22:13  Medivac x2  
  162  22:15  Marine x2  
  168  22:19  SCV x2  
  170  22:25  SCV  
  170  22:28  SCV x2  
  166  22:32  Liberator  
  166  22:33  Liberator  
  166  22:35  SCV  
  166  22:36  SCV  
  159  22:40  SCV x2  
  159  22:41  SCV  
  160  22:49  Viking  
  160  22:50  SCV x2  
  154  22:53  SCV x2  
  154  22:54  Marine  
  154  22:55  Marine  
  154  23:06  Refinery  
  154  23:07  Viking  
  154  23:08  Viking  
  154  23:11  Marauder  
  160  23:15  Marauder x2  
  164  23:21  Liberator x2  
  169  23:27  Viking x2  
  174  23:34  Marauder x2  
  172  23:41  Viking  
  172  23:42  Viking x2  
  172  23:44  Viking  
  178  23:49  Missile Turret  
  178  23:56  Marine, Marauder  
  178  23:57  Marine, Viking x2  
  178  24:01  Marine x2  
  198  24:04  Viking  
  200  24:13  Liberator x2  
  190  24:18  Liberator x3  
  192  24:33  Liberator x2  
  192  24:34  Marauder  
  192  24:35  Marauder  
  192  24:37  Marauder x2  
  186  24:39  Marine x3  
  186  24:40  Marine x2  
  186  24:41  Marine  
  186  24:43  Liberator  
  184  24:48  Refinery x2  
  184  24:51  Refinery  
  184  24:52  Siege Tank  
  187  24:55  Marine x2  
  187  24:57  Marine x4  
  187  24:59  Marauder  
  192  25:00  Marine, Marauder x2  
  197  25:17  Command Center  
  200  25:23  Liberator, Missile Turret, Viking  
  200  25:29  Starport Reactor  
  180  25:44  Marauder x2  
  180  25:45  Marine  
  180  25:46  Marauder x2  
  180  25:47  Marine x2  
  180  25:48  Marauder  
  175  25:50  Siege Tank, Marine  
  175  25:51  Marine  
  172  25:58  Liberator  
  172  26:04  Marine  
  172  26:05  Marauder  
  172  26:06  Marauder  
  172  26:07  Marauder x2  
  172  26:09  Marauder x2  
  172  26:12  Marine x2  
  172  26:13  Marine  
  151  26:22  Marine  
  130  26:27  Marauder x2  
  130  26:28  Marine  
  130  26:29  Marauder  
  130  26:30  Marine x3, Marauder, Viking  
  130  26:31  Marauder, Medivac x2  
  141  26:33  Medivac  
  143  26:44  Marine  
  143  26:46  Marauder  
  144  26:48  Marine x4  
Tags
 
Add a new tag
Caveats
  • Supply blocks, unpowered buildings, or Contaminate may cause inaccurate times.
  • Supply counts are checked every 10 seconds.